 Dungeon Crawl Stone Soup version 0.28.0-53-g5a82cb258f (webtiles) character file.

Game seed: 7062115145315604251

23108 Spoonbill the Nimble (level 13, -24/103 HPs)
             Began as a Gnoll Monk on July 25, 2022.
             Was an Elder of Dithmenos.
             Killed from afar by a deep elf annihilator (50 damage)
             ... with an iron shot
             ... on level 1 of the Elven Halls.
             The game lasted 01:23:47 (18260 turns).

Spoonbill the Nimble (Gnoll Monk)                  Turns: 18260, Time: 01:23:47

Health: -24/103    AC: 12    Str: 13    XL:     13   Next: 4%
Magic:  24/24      EV: 18    Int: 12    God:    Dithmenos [****..]
Gold:   960        SH:  0    Dex: 18    Spells: 17/27 levels left

rFire   . . .      SeeInvis +   a - +8 rapier of Desperation {freeze, rElec}
rCold   . . .      Faith    .   (no shield)
rNeg    . . .      Spirit   .   f - +0 robe
rPois   .          Reflect  .   U - +2 helmet {SInv}
rElec   +          Harm     .   r - scarf {shadows}
rCorr   .          Rampage  .   W - +1 pair of gloves
Will    .....                   (no boots)
Stlth   ++++++....              e - amulet of the Witching Enemy {Regen+ Int+3}
HPRegen 1.07/turn               d - +4 ring of slaying
MPRegen 0.19/turn               v - +4 ring of protection

@: wreathed by umbra
A: fangs 1, strong nose, distributed training
a: Renounce Religion, Shadow Step


You were on level 1 of the Elven Halls.
You worshipped Dithmenos.
Dithmenos was greatly pleased with you.
You visited 4 branches of the dungeon, and saw 17 of its levels.
You also visited: Bailey.

You collected 1652 gold pieces.
You spent 692 gold pieces at shops.

Inventory:

Hand Weapons
 a - the +8 rapier of Desperation (weapon) {freeze, rElec}
   (You took it off a gnoll shaman in a bailey)

   It freezes those it strikes, dealing additional cold damage.
   It can also slow down cold-blooded creatures.
   rElec:     It insulates you from electricity.
 b - a +0 longbow
 i - a +4 shortbow
 m - a +2 dagger of venom
 L - a +1 shortbow
 T - a +1 dagger of speed
Missiles
 l - 15 throwing nets (quivered)
 y - 19 poisoned darts
 O - 2 atropa-tipped darts
 V - 410 arrows
Armour
 f - a +0 robe (worn)
 r - a scarf of shadows (worn)
 M - a +1 leather armour of fire resistance
 U - a +2 helmet of see invisible (worn)
 W - a +1 pair of gloves (worn)
Jewellery
 d - a +4 ring of slaying (left hand)
 e - the amulet of the Witching Enemy (around neck) {Regen+ Int+3}
   (You found it on level 10 of the Dungeon)

   [amulet of regeneration]

   Int:       It affects your intelligence (+3).
   Regen:     It increases your rate of health regeneration.
 g - a +4 ring of protection
 v - a +4 ring of protection (right hand)
 B - a +6 ring of intelligence
 C - a ring of poison resistance
 G - a ring of resist corrosion
 R - an amulet of guardian spirit
Wands
 h - a wand of iceblast (13)
 A - a wand of flame (36)
 D - a wand of charming (5)
 F - a wand of paralysis (6)
 J - a wand of mindburst (7)
 S - a wand of acid (11)
Scrolls
 c - a scroll of fog
 k - 2 scrolls of magic mapping
 n - 6 scrolls of identify
 s - 2 scrolls of enchant armour
 t - 3 scrolls of amnesia
 u - 2 scrolls of blinking
 x - a scroll of fear {unknown}
 z - 8 scrolls of teleportation
 K - a scroll of enchant weapon
 Q - a scroll of torment {unknown}
 X - 2 scrolls of immolation {unknown}
 Z - a scroll of brand weapon {unknown}
Potions
 j - a potion of might
 o - 2 potions of magic
 p - 4 potions of mutation
 q - a potion of flight {unknown}
 w - a potion of resistance {unknown}
 E - 2 potions of brilliance
 N - a potion of berserk rage
 Y - a potion of invisibility {unknown}
Miscellaneous
 I - a phantom mirror


   Skills:
 + Level 10.3 Fighting
 + Level 7.9 Short Blades
 + Level 7.9 Long Blades
 + Level 7.9 Axes
 + Level 7.9 Maces & Flails
 + Level 10.3 Polearms
 + Level 7.9 Staves
 + Level 7.9 Slings
 + Level 7.9 Bows
 + Level 7.9 Crossbows
 + Level 7.9 Throwing
 + Level 7.9 Armour
 + Level 10.3 Dodging
 + Level 9.0 Stealth
 + Level 7.9 Shields
 + Level 7.9 Unarmed Combat
 + Level 7.9 Spellcasting
 + Level 6.5 Conjurations
 + Level 6.5 Hexes
 + Level 6.5 Summonings
 + Level 6.5 Necromancy
 + Level 6.5 Translocations
 + Level 6.5 Transmutations
 + Level 6.5 Fire Magic
 + Level 6.5 Ice Magic
 + Level 6.5 Air Magic
 + Level 6.5 Earth Magic
 + Level 6.5 Poison Magic
 + Level 8.6 Invocations
 + Level 7.9 Evocations


You had 17 spell levels left.
You knew the following spells:

 Your Spells              Type           Power      Damage    Failure   Level
a - Confusing Touch       Hex            20%        N/A       3%          3
b - Vampiric Draining     Necr           20%        2d7       3%          3
c - Hailstorm             Conj/Ice       20%        3d6       10%         4

Your spell library contained the following spells:

 Spells                   Type           Power      Damage    Failure   Level
 Animate Skeleton         Necr           40%        N/A       1%          1
 Pain                     Necr           80%        1d8       1%          1
 Slow                     Hex            80%        N/A       1%          1
 Static Discharge         Conj/Air       20%        N/A       1%          2
 Lesser Beckoning         Tloc           20%        N/A       3%          3
 Animate Dead             Necr           10%        N/A       10%         4
 Dispel Undead            Necr           20%        3d11      10%         4
 Ice Form                 Ice/Tmut       20%        N/A       10%         4
 Sticky Flame             Conj/Fire      20%        2d4       10%         4
 Agony                    Necr           20%        N/A       28%         5
 Borgnjor's Vile Clutch   Necr/Erth      10%        N/A       28%         5
 Excruciating Wounds      Necr           10%        N/A       28%         5
 Death Channel            Necr           10%        N/A       83%         6
 Dispersal                Tloc           10%        N/A       83%         6
 Simulacrum               Ice/Necr       10%        N/A       83%         6


Dungeon Overview and Level Annotations

Branches:
Dungeon (13/15)            Temple (1/1) D:5            Lair (0/6) D:8
    Orc (2/2) D:11            Elf (1/3) Orc:2        Bailey (visited)
 Vaults: D:13-14

Altars:
Ashenzari
Cheibriados
Dithmenos
Elyvilon
Fedhas
Gozag
Hepliaklqana
Kikubaaqudgha
Makhleb
Nemelex Xobeh
Okawaru
Qazlal
Ru
Sif Muna
Trog
Uskayaw
Vehumet
Wu Jian
Xom
Yredelemnul
Zin
The Shining One
Beogh

Shops:
D:7 ([   D:11 [   D:13 *   Orc:2 ***[(

Annotations:
D:12 1 runed translucent door, crompyre's ghost, journeyman PaBe
Orc:1 1 runed translucent door, hitsuchi's ghost, journeyman TeBe


Innate Abilities, Weirdness & Mutations

You have very sharp teeth.
Your uncanny sense of smell can sniff out nearby items.
Your experience applies equally to all skills.


Message History

Done waiting.
Items here: )) [ †.
You now have 960 gold pieces (gained 15).
Items here: )) [ †.
V - 380 arrows (gained 22)
Items here: )) [ †.
You pick up a book of Unlife and begin reading...
You add the spells Animate Dead, Borgnjor's Vile Clutch and Death Channel to your library.
V - 395 arrows (gained 15)
You open the door.
There is an open door here.
Found 13 bolts.
You see here 13 bolts.
t - 3 scrolls of amnesia (gained 1)
A deep elf archer comes into view. It is wielding a +0 short sword.
The helpless deep elf archer fails to defend itself.
You perforate the deep elf archer like a sieve!!!
You freeze the deep elf archer!
The deep elf archer is almost dead.
The deep elf archer completely misses you.
You hit the deep elf archer. You freeze the deep elf archer.
You kill the deep elf archer!
Dithmenos accepts your kill.
V - 410 arrows (gained 15)
Things that are here:
a +0 short sword; a +4 shortbow; a +0 leather armour
i - a +4 shortbow A deep elf annihilator comes into view.
It is wielding a +2 dagger of draining.
The deep elf annihilator gestures at you while chanting.
The crystal spear hits you!!!!
Ouch! That really hurt!
* * * LOW HITPOINT WARNING * * *
You emit a cloud of dark smoke.
Aiming: Paralyse
Press: ? - help, Q - select action, (/) - cycle Shift-Dir - straight line, f - deep elf annihilator
Aim: a deep elf annihilator, wielding a +2 dagger of draining and wearing a +0 leather armour (black smoke, umbra, chance to affect: 2%)
The deep elf annihilator resists with almost no effort.
The deep elf annihilator casts a spell at you.
The iron shot hits you!!!
You die...

..........#
..........# #+#
..........# #.#
∆..........###.#
#.......#####.##
#.#...##.#...)<#
#####.#......#
#####§# ##.###..)...
#§§@e.###.## ##.#...
##§#§#....## ##..#.
#..§§§.....## ##.#.#.
#.###.###.#.###.##.#.
#.##...##.##.#.......
#.#.....#.###.####.#.
#.........# #...##.#.
#.#.....#.# #.#.##...
#.##.).##.# #.#.....#


You could see a deep elf annihilator.

Vanquished Creatures
  Erolcha (D:9)
  3 centaur warriors (D:13)
  A two-headed ogre (D:10)
  2 dancing weapons (Elf:1)
  A deep elf knight (Elf:1)
  A deep elf zephyrmancer (Elf:1)
  2 deep elf archers (Elf:1)
  2 deep elf pyromancers (Elf:1)
  An orc sorcerer (Orc:2)
  A manticore (D:12)
  Maurice (D:8)
  A gargoyle (D:11)
  A komodo dragon (D:6)
  An unseen horror (D:12)
  4 trolls
  Prince Ribbit (D:8)
  A slime creature (D:12)
  A water elemental (D:12)
  A yak (D:8)
  A wraith (D:11)
  A vampire (D:11)
  Grum (Bailey)
  Edmund (D:6)
  6 vampire mosquitoes (D:13)
  3 acid dragons
  A warg (Orc:1)
  2 water moccasins
  30 orc warriors
  2 ice beasts
  2 ogres
  5 black bears
  2 necrophages (D:5)
  5 wolves (Bailey)
  16 centaurs
  2 kobold brigands (D:6)
  5 bullfrogs
  A scorpion (D:6)
  An earth elemental (Elf:1)
  7 gnoll sergeants
  A wyvern skeleton (D:7)
  9 electric eels (D:12)
  7 howler monkeys
  3 centaur zombies
  8 hounds
  2 bullfrog zombies
  4 jellies
  23 orc priests
  3 centaur skeletons
  8 gnoll shamans
  Crazy Yiuf (D:7)
  An iguana (D:4)
  23 orc wizards
  A scorpion zombie (D:5)
  2 killer bee zombies (D:6)
  3 howler monkey zombies
  25 gnolls
  10 adders
  2 shadow imps
  4 worms
  3 dart slugs
  73 orcs
  6 endoplasms
  4 giant cockroaches
  8 goblins
  8 hobgoblins
  2 quokkas
  2 ball pythons (D:2)
  9 bats
  2 frilled lizards (D:2)
  20 kobolds
  5 rats
403 creatures vanquished.

Vanquished Creatures (collateral kills)
  2 slime creatures (D:12)
2 creatures vanquished.

Vanquished Creatures (others)
  36 fungi (D:8)
  32 plants
68 creatures vanquished.

Grand Total: 473 creatures vanquished

Notes
Turn   | Place    | Note
-------+----------+-------------------------------------------
     0 | D:1      | Spoonbill the Gnoll Monk began the quest for the Orb.
     0 | D:1      | Reached XP level 1. HP: 23/23 MP: 1/1
   104 | D:1      | Reached XP level 2. HP: 22/29 MP: 2/2
   424 | D:1      | Reached XP level 3. HP: 35/35 MP: 3/3
   935 | D:2      | Reached skill level 1 in Invocations
  1078 | D:2      | Reached skill level 1 in Short Blades
  1078 | D:2      | Reached skill level 1 in Long Blades
  1078 | D:2      | Reached skill level 1 in Axes
  1078 | D:2      | Reached skill level 1 in Maces & Flails
  1078 | D:2      | Reached skill level 1 in Staves
  1078 | D:2      | Reached skill level 1 in Slings
  1078 | D:2      | Reached skill level 1 in Bows
  1078 | D:2      | Reached skill level 1 in Crossbows
  1078 | D:2      | Reached skill level 1 in Throwing
  1078 | D:2      | Reached skill level 1 in Armour
  1078 | D:2      | Reached skill level 1 in Shields
  1078 | D:2      | Reached skill level 1 in Unarmed Combat
  1078 | D:2      | Reached skill level 1 in Spellcasting
  1078 | D:2      | Reached skill level 1 in Evocations
  1245 | D:2      | Reached XP level 4. HP: 41/41 MP: 5/5
  1426 | D:2      | Reached skill level 1 in Conjurations
  1426 | D:2      | Reached skill level 1 in Hexes
  1426 | D:2      | Reached skill level 1 in Summonings
  1426 | D:2      | Reached skill level 1 in Necromancy
  1426 | D:2      | Reached skill level 1 in Translocations
  1426 | D:2      | Reached skill level 1 in Transmutations
  1426 | D:2      | Reached skill level 1 in Fire Magic
  1426 | D:2      | Reached skill level 1 in Ice Magic
  1426 | D:2      | Reached skill level 1 in Air Magic
  1426 | D:2      | Reached skill level 1 in Earth Magic
  1426 | D:2      | Reached skill level 1 in Poison Magic
  1908 | D:3      | Reached XP level 5. HP: 47/47 MP: 6/6
  2299 | D:3      | Found a glowing silver altar of Zin.
  2945 | D:4      | Reached XP level 6. HP: 53/53 MP: 8/8
  3674 | D:5      | Entered Level 5 of the Dungeon
  3834 | D:5      | Noticed a necrophage
  3876 | D:5      | Found a staircase to the Ecumenical Temple.
  3891 | Temple   | Entered the Ecumenical Temple
  4140 | Temple   | Became a worshipper of Dithmenos the Shadowed
  4140 | Temple   | Reached * piety under Dithmenos
  4140 | Temple   | Reached ** piety under Dithmenos
  4308 | D:5      | Noticed a necrophage
  4327 | D:5      | Reached XP level 7. HP: 59/59 MP: 10/10
  4734 | D:5      | Reached skill level 5 in Stealth
  5084 | D:6      | Reached XP level 8. HP: 50/67 MP: 12/12
  5479 | D:6      | Reached *** piety under Dithmenos
  5640 | D:6      | Noticed Edmund
  5649 | D:6      | Killed Edmund
  5757 | D:6      | Noticed a komodo dragon
  5770 | D:6      | Killed a komodo dragon
  5771 | D:6      | Reached XP level 9. HP: 33/73 MP: 14/14
  6565 | D:7      | Found Lisiohuk's Armour Shop.
  6572 | D:7      | Bought a +1 helmet of see invisible for 231 gold pieces
  7173 | D:7      | Found Tykhlucip's Weapon Shoppe.
  8047 | D:7      | Found a runed translucent door.
  8048 | D:7      | Noticed Crazy Yiuf
  8055 | D:7      | Killed Crazy Yiuf
  8207 | D:8      | Reached skill level 5 in Invocations
  8231 | D:8      | Noticed Prince Ribbit
  8271 | D:8      | Killed Prince Ribbit
  8272 | D:8      | Reached XP level 10. HP: 77/80 MP: 17/17
  8521 | D:8      | Found a staircase to the Lair.
  8581 | D:8      | Reached skill level 5 in Short Blades
  8581 | D:8      | Reached skill level 5 in Long Blades
  8581 | D:8      | Reached skill level 5 in Axes
  8581 | D:8      | Reached skill level 5 in Maces & Flails
  8581 | D:8      | Reached skill level 5 in Staves
  8581 | D:8      | Reached skill level 5 in Slings
  8581 | D:8      | Reached skill level 5 in Bows
  8581 | D:8      | Reached skill level 5 in Crossbows
  8581 | D:8      | Reached skill level 5 in Throwing
  8581 | D:8      | Reached skill level 5 in Armour
  8581 | D:8      | Reached skill level 5 in Shields
  8581 | D:8      | Reached skill level 5 in Unarmed Combat
  8581 | D:8      | Reached skill level 5 in Spellcasting
  8581 | D:8      | Reached skill level 5 in Evocations
  8693 | D:8      | Noticed Maurice
  9023 | D:8      | Killed Maurice
  9097 | D:8      | Reached **** piety under Dithmenos
  9459 | D:8      | Noticed a seven-headed hydra
  9737 | D:9      | Noticed Erolcha
  9742 | D:9      | Killed Erolcha
  9999 | D:9      | Found a flagged portal.
 10260 | Bailey   | Entered a bailey
 10893 | Bailey   | Noticed Grum
 10917 | Bailey   | Killed Grum
 11100 | Bailey   | Identified the +8 rapier of Desperation {freeze, rElec}
 11957 | D:9      | Reached XP level 11. HP: 87/87 MP: 19/19
 12268 | D:9      | Learned a level 3 spell: Confusing Touch
 12272 | D:9      | Learned a level 3 spell: Vampiric Draining
 12273 | D:10     | Entered Level 10 of the Dungeon
 12613 | D:10     | Identified the amulet of the Witching Enemy {Regen+ Int+3}
 12818 | D:10     | Noticed a two-headed ogre
 12824 | D:10     | Killed a two-headed ogre
 12825 | D:10     | Reached skill level 5 in Conjurations
 12825 | D:10     | Reached skill level 5 in Hexes
 12825 | D:10     | Reached skill level 5 in Summonings
 12825 | D:10     | Reached skill level 5 in Necromancy
 12825 | D:10     | Reached skill level 5 in Translocations
 12825 | D:10     | Reached skill level 5 in Transmutations
 12825 | D:10     | Reached skill level 5 in Fire Magic
 12825 | D:10     | Reached skill level 5 in Ice Magic
 12825 | D:10     | Reached skill level 5 in Air Magic
 12825 | D:10     | Reached skill level 5 in Earth Magic
 12825 | D:10     | Reached skill level 5 in Poison Magic
 13470 | D:11     | Learned a level 4 spell: Hailstorm
 13584 | D:11     | Found Dohubloph's Antique Armour Shoppe.
 13868 | D:11     | Found a broken altar of Ashenzari.
 13954 | D:11     | Found a staircase to the Orcish Mines.
 14644 | D:12     | Noticed a manticore
 14654 | D:12     | Killed a manticore
 14936 | D:12     | Found a runed translucent door.
 14936 | D:12     | Noticed crompyre's ghost (journeyman PaBe)
 15867 | D:13     | Noticed a centaur warrior
 15885 | D:13     | Killed a centaur warrior
 15886 | D:13     | Reached XP level 12. HP: 71/96 MP: 22/22
 15916 | D:13     | Noticed a centaur warrior
 15923 | D:13     | Killed a centaur warrior
 15942 | D:13     | Got the Disquisition on Translocation
 16041 | D:13     | Noticed a catoblepas
 16074 | D:13     | Noticed a centaur warrior
 16084 | D:13     | Noticed a centaur warrior
 16087 | D:13     | Killed a centaur warrior
 16089 | D:13     | Noticed a seven-headed hydra
 16104 | D:13     | Found Inkul's CLEARANCE SALE!.
 16157 | D:13     | Bought a scroll of magic mapping for 21 gold pieces
 16184 | D:12     | Identified the +7 trident of Jaicsoqu {drain, Dex+6}
 16460 | Orc:1    | Entered Level 1 of the Orcish Mines
 16460 | Orc:1    | Found a runed translucent door.
 16697 | Orc:1    | Noticed hitsuchi's ghost (journeyman TeBe)
 16717 | Orc:2    | Entered Level 2 of the Orcish Mines
 16717 | Orc:2    | Found a staircase to the Elven Halls.
 17295 | Orc:2    | Reached skill level 10 in Fighting
 17295 | Orc:2    | Reached skill level 10 in Polearms
 17295 | Orc:2    | Reached skill level 10 in Dodging
 17492 | Orc:2    | Reached ***** piety under Dithmenos
 17573 | Orc:2    | Found Ogreijyn's Weapon Emporium.
 17695 | Orc:2    | Found Rajeigag's Assorted Antiques.
 17695 | Orc:2    | Found Enoth's Assorted Antiques.
 17696 | Orc:2    | Found Eclu's General Store.
 17698 | Orc:2    | Found Yklocaph's Antique Armour Shoppe.
 17702 | Orc:2    | Bought a scroll labelled YMENYLL IJAMAR for 28 gold pieces
 17702 | Orc:2    | Bought a potion of heal wounds for 140 gold pieces
 17709 | Orc:2    | Bought a potion of might for 68 gold pieces
 17709 | Orc:2    | Bought a scroll of identify for 34 gold pieces
 17709 | Orc:2    | Bought a potion of haste for 170 gold pieces
 17909 | Elf:1    | Entered Level 1 of the Elven Halls
 17969 | Elf:1    | Noticed a deep elf knight
 17984 | Elf:1    | Killed a deep elf knight
 18007 | Elf:1    | Reached XP level 13. HP: 65/103 MP: 17/24
 18253 | Elf:1    | Noticed a deep elf annihilator
 18260 | Elf:1    | Killed from afar by a deep elf annihilator

Illustrated notes

Levels and vault maps discovered:
D:1:      amcnicky_arrival_underground_garden, layout_basic
D:2:      kb_forest_paths, layout_rooms
D:3:      layout_loops_corners, mainiacjoe_overflow_paths, serial_glass,
          glass_columns_c, glass_columns_b, glass_columns_a, glass_columns_a
D:4:      layout_layer_cave
D:5:      layout_cave_pools, temple_pool_b
D:6:      layout_basic, grunt_ministairs_15, minmay_misc_feat_pillars,
          uniq_edmund
D:7:      layout_cave_pools, serial_shops, nicolae_shop_window_shopping,
          nicolae_shop_hallway_plus, uniq_crazy_yiuf_cottage
D:8:      layout_loops_ring, due_lair_maze_entry_diamond, uniq_maurice,
          uniq_prince_ribbit1
D:9:      layout_stronghold, enter_bailey_6, uniq_erolcha
D:10:     layout_loops_corners
D:11:     layout_roguey, minmay_orc_entry_temple_large, serial_shops,
          nicolae_diamond_shop, nicolae_ashenzari_skybound
D:12:     layout_basic, ebering_ghost_funeral_grove
D:13:     layout_basic, ebering_ghost_reflecting_pool, nicolae_shop_clearance
Temple:   compressed_dpeg_triangle_lava_temple
Orc:1:    layout_caves, ebering_ghost_reflecting_pool
Orc:2:    st_orc_rangers, layout_caves, serial_shops,
          nicolae_shop_bloodbath_and_beyond
Elf:1:    layout_loops_corners, evilmike_minifort, minivault_16,
          nicolae_elf_big_sculpture_1

Skill      XL: |  1  2  3  4  5  6  7  8  9 10 11 12 |
---------------+-------------------------------------+-----
Invocations    | 1 2 3 4 5 6 7 8 |  8.6
Short Blades   | 1 2 3 4 5 6 7 |  7.9
Long Blades    | 1 2 3 4 5 6 7 |  7.9
Axes           | 1 2 3 4 5 6 7 |  7.9
Maces & Flails | 1 2 3 4 5 6 7 |  7.9
Staves         | 1 2 3 4 5 6 7 |  7.9
Slings         | 1 2 3 4 5 6 7 |  7.9
Bows           | 1 2 3 4 5 6 7 |  7.9
Crossbows      | 1 2 3 4 5 6 7 |  7.9
Throwing       | 1 2 3 4 5 6 7 |  7.9
Armour         | 1 2 3 4 5 6 7 |  7.9
Shields        | 1 2 3 4 5 6 7 |  7.9
Unarmed Combat | 1 2 3 4 5 6 7 |  7.9
Spellcasting   | 1 2 3 4 5 6 7 |  7.9
Evocations     | 1 2 3 4 5 6 7 |  7.9
Conjurations   | 1 2 3 4 5 6 |  6.5
Hexes          | 1 2 3 4 5 6 |  6.5
Summonings     | 1 2 3 4 5 6 |  6.5
Necromancy     | 1 2 3 4 5 6 |  6.5
Translocations | 1 2 3 4 5 6 |  6.5
Transmutations | 1 2 3 4 5 6 |  6.5
Fire Magic     | 1 2 3 4 5 6 |  6.5
Ice Magic      | 1 2 3 4 5 6 |  6.5
Air Magic      | 1 2 3 4 5 6 |  6.5
Earth Magic    | 1 2 3 4 5 6 |  6.5
Poison Magic   | 1 2 3 4 5 6 |  6.5
Fighting       | 7 8 9 10 | 10.3
Polearms       | 7 8 9 10 | 10.3
Dodging        | 7 8 9 10 | 10.3
Stealth        | 5 6 7 8 9 |  9.0

Action                   |  1- 3 |  4- 6 |  7- 9 | 10-12 | 13-15 || total
-------------------------+-------+-------+-------+-------+-------++-------
Melee: Spear             |    43 |     3 |       |       |       ||    46
       Bite              |     5 |    15 |    47 |    97 |       ||   164
       Dagger            |    16 |   107 |   316 |   245 |       ||   684
       Punch             |     2 |     3 |    15 |    45 |       ||    65
       Rapier            |       |       |       |   462 |     2 ||   464
 Fire: Hunting sling     |    10 |    75 |    44 |    10 |       ||   139
       Shortbow          |       |       |       |    16 |       ||    16
       Longbow           |       |       |       |    36 |       ||    36
Invok: Shadow Step       |       |       |       |     7 |       ||     7
       Shadow Form       |       |       |       |     1 |       ||     1
Evoke: Wand              |       |       |       |    14 |     1 ||    15
       Phantom mirror    |       |       |       |     1 |       ||     1
  Use: Scroll            |       |       |     5 |    20 |       ||    25
       Potion            |       |       |     4 |    15 |       ||    19
 Stab: Sleeping          |    11 |     2 |    14 |    40 |     1 ||    68
       Paralysed         |       |       |       |     3 |       ||     3
       Distracted        |       |       |       |     1 |       ||     1
       Invisible         |       |       |       |    13 |       ||    13
Armor: Robe              |     6 |    20 |    29 |   166 |       ||   221
       Skin              |       |       |     3 |       |       ||     3
Dodge: Dodged            |     9 |    64 |   122 |   727 |     1 ||   923
